 Dungeon Crawl Stone Soup version 0.30.0-5-g1a98f26d00 (webtiles) character file.

Game seed: 16601554814242405486

46 PoweredByGinger the Chopper (level 3, -9/24 (30) HPs)
             Began as a Minotaur Gladiator on May 9, 2023.
             Mangled by a gnoll
             ... wielding a +2 flail of draining
              (12 damage)
             ... on level 2 of the Dungeon.
             The game lasted 00:01:24 (1633 turns).

PoweredByGinger the Chopper (Minotaur Gladiator)    Turns: 1633, Time: 00:01:25

HP:   -9/24 (30)    AC:  4    Str: 20    XL:     3   Next: 46%
MP:   2/2           EV: 12    Int:  5    God:
Gold: 82            SH:  0    Dex: 11    Spells: 2/2 levels left

rFire   . . .        a - +0 war axe
rCold   . . .        (no shield)
rNeg    . . .        b - +0 leather armour
rPois   .            c - +0 hat
rElec   .            l - +0 cloak
rCorr   .            (no gloves)
SInv    .            (no boots)
Will    .....        (no amulet)
Stlth   +            (no ring)
HPRegen 0.24/turn    (no ring)
MPRegen 0.08/turn

%: no passive effects
@: heavily drained
A: horns 2, retaliatory headbutt
a: no special abilities


You were on level 2 of the Dungeon.
You visited 1 branch of the dungeon, and saw 3 of its levels.

You collected 82 gold pieces.

Inventory:

Hand Weapons
 a - a +0 war axe (weapon)
Missiles
 d - 3 throwing nets (quivered)
 e - a javelin
Armour
 b - a +0 leather armour (worn)
 c - a +0 hat (worn)
 l - a +0 cloak (worn)
Scrolls
 f - 2 scrolls of identify {unknown}
 g - a scroll of amnesia {unknown}
 h - a scroll of fear {unknown}
 j - a scroll of magic mapping {unknown}
 m - a scroll of teleportation {unknown}
 n - a scroll of immolation {unknown}
Potions
 i - a potion of berserk rage {unknown}
 k - a potion of attraction {unknown}


   Skills:
 - Level 2.4 Fighting
 * Level 5.3 Axes
 - Level 2.0 Throwing
 + Level 3.5 Dodging


You had 2 spell levels left.
You didn't know any spells.
Your spell library was empty.

Dungeon Overview and Level Annotations

Branches:
Dungeon (3/15)

Altars:


Innate Abilities, Weirdness & Mutations

You have a pair of horns on your head.
You reflexively headbutt those who attack you in melee.


Message History

The ball python grabs you. The ball python constricts you.
You hit the ball python.
You headbutt the ball python, but do no damage.
The ball python is severely wounded.
The ball python bites you but does no damage.
The ball python constricts you.
A gnoll comes into view. It is wielding a +0 club.
You closely miss the ball python. You headbutt the ball python.
You kill the ball python!
The gnoll barely misses you.
You climb upwards.
There is a stone staircase leading down here.
You hit the gnoll. Your headbutt misses the gnoll.
The gnoll is moderately wounded.
The gnoll hits you with a +2 flail of draining.
You feel drained.
You hit the gnoll but do no damage.
The gnoll is moderately wounded.
The gnoll barely misses you.
The gnoll hits you with a +2 flail of draining.
You feel drained.
You closely miss the gnoll. Your headbutt misses the gnoll.
The gnoll is moderately wounded.
The gnoll hits you with a +2 flail of draining!
You feel drained.
You hit the gnoll.
The gnoll is heavily wounded.
The gnoll closely misses you. You furiously retaliate!
You headbutt the gnoll. You closely miss the gnoll.
The gnoll is almost dead.
The gnoll hits you with a +2 flail of draining!
Ouch! That really hurt!
* * * LOW HITPOINT WARNING * * *
You feel drained.
* * * LOW HITPOINT WARNING * * *
You barely miss the gnoll.
The gnoll is almost dead.
The gnoll hits you with a +2 flail of draining!
Ouch! That really hurt!
You die...

#.........##..<.
#.#######.##.#.# #.#
#.##.#.# #.# #.##.#.#
##.##### #.##'#'#
######......# #.#.....
#...........# #.#.....
#...........###.#.....
#....@................
#...g........##.##..##
###............##.#.....
#...................#.##
#...###.............#.##
#...# #.............#..#
#...###.................
######...................
#..............#...>.....


You could see a gnoll.

Vanquished Creatures
  2 adders (D:2)
  6 ball pythons
  3 endoplasms
  A giant cockroach (D:1)
  3 hobgoblins
  5 kobolds
  A quokka (D:2)
  2 bats (D:1)
  A frilled lizard (D:1)
  3 rats
27 creatures vanquished.

Notes
Turn   | Place    | Note
-------+----------+-------------------------------------------
     0 | D:1      | PoweredByGinger the Minotaur Gladiator began the quest for
                  | the Orb.
     0 | D:1      | Reached XP level 1. HP: 18/18 MP: 0/0
    50 | D:1      | Reached skill level 4 in Axes
   127 | D:1      | Reached XP level 2. HP: 23/25 MP: 1/1
   727 | D:2      | Reached skill level 5 in Axes
   727 | D:2      | Reached XP level 3. HP: 29/30 MP: 2/2
   849 | D:2      | Identified the +0 helmet "Soemao Jude" {rF++ Will+ Regen+
                  | Str+3}
  1633 | D:2      | Mangled by a gnoll

Illustrated notes

Levels and vault maps discovered:
D:1:      minmay_arrival_jagged, layout_loops_ring
D:2:      layout_basic
D:3:      layout_basic, lemuel_round_altar, columned_hall_lemuel

Skill      XL: |  1  2 |
---------------+-------+-----
Axes           | 4 5 |  5.3
Fighting       | |  2.4
Throwing       | |  2.0
Dodging        | |  3.5

Action                     || total
---------------------------++-------
  Melee: War axe           ||    59
         Headbutt          ||     9
  Throw: Throwing net      ||     2
 Armour: Leather armour    ||    18
  Dodge: Dodged            ||    34
